 Dungeon Crawl Stone Soup version 0.27-a0-732-ga892ba84f6 (webtiles) character file.

Game seed: 11503543496531533128

0 CurlyBrace the Charlatan (level 1, -2/9 HPs)
             Began as a Felid Artificer on Mar 23, 2021.
             Slain by a quokka (5 damage)
             ... on level 2 of the Dungeon.
             The game lasted 00:00:27 (56 turns).

CurlyBrace the Charlatan (Felid Artificer)            Turns: 56, Time: 00:00:27

Health: -2/9       AC:  1    Str:  8    XL:     1   Next: 8%
Magic:  2/2        EV: 18    Int: 12    God:
Gold:   0          SH:  0    Dex: 16    Spells: 0/0 levels left
                                        Lives:  0   Deaths: 0

rFire    . . .     SeeInvis +   (weapon unavailable)
rCold    . . .     Faith    .   (shield unavailable)
rNeg     . . .     Spirit   .   (armour unavailable)
rPois    .         Reflect  .   (helmet unavailable)
rElec    .         Harm     .   (cloak unavailable)
rCorr    .         Rampage  .   (gloves unavailable)
Will     .....                  (boots unavailable)
Stlth    ++........             (no amulet)
HPRegen  0.03/turn              (no ring)
MPRegen  0.08/turn              (no ring)

@: quick
A: very small, claws 1, fangs 3, see invisible, speed 1, shaggy fur 1, stealthy
paws, no weapons or thrown items, no armour, multi-lived
a: no special abilities


You were on level 2 of the Dungeon.
You visited 1 branch of the dungeon, and saw 2 of its levels.

Inventory:

Wands
 a - a wand of flame (15) (quivered)
 b - a wand of charming (15)
 c - a wand of random effects (15)
Scrolls
 d - a scroll of immolation {unknown}
 e - a scroll of magic mapping {unknown}
Potions
 f - a potion of lignification {unknown}


   Skills:
 * Level 1.0 Fighting
 - Level 3.2 Dodging
 + Level 1.4 Stealth
 * Level 0.0 Unarmed Combat
 - Level 3.2 Evocations


You couldn't memorise any spells.
You didn't know any spells.
Your spell library was empty.

Dungeon Overview and Level Annotations

Branches:
Dungeon (2/15)

Altars:


Innate Abilities, Weirdness & Mutations

You have sharp claws.
You have razor-sharp teeth.
You have supernaturally acute eyesight. (SInv)
You cover ground quickly. (Speed+)
You are covered in fur. (AC +1)
Your stealthy paws help you sneak and pounce on unaware monsters.
You are incapable of wielding weapons or throwing items.
You cannot wear armour.
You gain extra lives every three experience levels.


Message History

You climb downwards.
Found a fizzy orange potion.
There is a stone staircase leading up here.
You see here a fizzy orange potion.
f - a fizzy orange potion A quokka comes into view.
A bat comes into view.
You pounce on the unaware helpless bat!
You scratch the bat.
You kill the bat!
Found three maces.
You closely miss the quokka. The quokka completely misses you.
You closely miss the quokka. You bite the quokka.
The quokka is lightly wounded.
The quokka closely misses you.
Unknown command.
You scratch the quokka.
The quokka is heavily wounded.
The quokka misses you.
Unknown command.
You barely miss the quokka.
The quokka is heavily wounded.
The quokka misses you. The quokka bites you.
Unknown command.
You scratch the quokka. Your bite misses the quokka.
The quokka is almost dead.
The quokka completely misses you.
Unknown command.
You closely miss the quokka.
The quokka is almost dead.
The quokka bites you.
You scratch the quokka but do no damage.
Your bite misses the quokka.
The quokka is almost dead.
The quokka completely misses you.
Unknown command.
You scratch the quokka but do no damage.
The quokka is almost dead.
The quokka bites you.
Ouch! That really hurt!
You die... #.# #.# #.# # #.# #) #.# )## #.# ###P)# #.# #PPPP#

#.# #....#
#.#####@.#
#.....r..#
#####†..##
#####


You could see a quokka.

Vanquished Creatures
  A bat (D:2)
1 creature vanquished.

Notes
Turn   | Place    | Note
-------+----------+-------------------------------------------
     0 | D:1      | CurlyBrace the Felid Artificer began the quest for the Orb.
     0 | D:1      | Reached XP level 1. HP: 9/9 MP: 2/2
    56 | D:2      | Slain by a quokka

Illustrated notes

Levels and vault maps discovered:
D:1:      psy_arrival_spokes, layout_basic
D:2:      layout_basic, serial_forest, infiniplex_forest_lined_room_2,
          infiniplex_forest_clump_small, infiniplex_forest_diagonal,
          infiniplex_forest_straight_4, infiniplex_forest_end_1,
          infiniplex_forest_clump_C, infiniplex_forest_3_way,
          infiniplex_forest_lined_corner, elyvilon_altar_1,
          uniq_crazy_yiuf_cottage, uniq_sigmund

Action                   || total
-------------------------++-------
Melee: Unarmed           ||     9
       Bite              ||     1
 Stab: Sleeping          ||     1
Dodge: Dodged            ||     6

Table legend: (Time is in decaauts)
 A = Elapsed time spent in this place.
 B = Non-inter-level travel time spent in this place.
 C = Inter-level travel time spent in this place.
 D = Time resting spent in this place.
 E = Time spent auto-exploring this place.
 F = Levels seen in this place.
 G = Mean time per level.
                   A        B        C        D        E       F      G
               +--------+--------+--------+--------+--------+-----+--------+
         Total |     47 |     47 |      0 |      0 |      0 |   2 |   23.5 |
       Dungeon |     47 |     47 |      0 |      0 |      0 |   2 |   23.5 |
               +--------+--------+--------+--------+--------+-----+--------+

Top non-repeatable levels by time:
     D:2: 40 daAuts
     D:1: 7 daAuts
